 Dungeon Sprint DCSS version 0.29-a0-819-g94b489e0ae (webtiles) character file.

Game seed: 7162516601557309788

107 Ayihk420 the Cutter (level 4, -3/40 HPs)
             Began as a Vampire Berserker on July 6, 2022.
             Was a Follower of Trog.
             Killed from afar by Sigmund (6 damage)
             ... with a magic dart
             ... in the Dungeon (Sprint I: "Red Sonja").
             The game lasted 00:01:48 (286 turns).

Ayihk420 the Cutter (Vampire Berserker)              Turns: 286, Time: 00:01:49

Health: -3/40      AC:  2    Str: 18    XL:     4   Next: 57%
Magic:  4/4        EV: 13    Int:  9    God:    Trog [*.....]
Gold:   54         SH:  0    Dex: 13    Spells: 3/3 levels left

rFire   . . .      SeeInvis +   a - +0 short sword
rCold   . . .      Faith    .   (no shield)
rNeg    . . .      Spirit   .   b - +0 animal skin
rPois   .          Reflect  .   (no helmet)
rElec   .          Harm     .   (no cloak)
rCorr   .          Rampage  .   (no gloves)
Will    .....      NoTele   +   (no boots)
Stlth   +.........              (no amulet)
HPRegen 0.33/turn               (no ring)
MPRegen 0.09/turn               (no ring)

@: on berserk cooldown, healing quickly, slowed, very slow
A: alive, fangs 3, see invisible, vampiric 2
a: Exsanguinate, Renounce Religion, Berserk


You were in the Dungeon.
You worshipped Trog.
Trog was aware of your devotion.
You visited 1 branch You collected 54 gold pieces.

Inventory:

Hand Weapons
 a - a +0 short sword (weapon)
Armour
 b - a +0 animal skin (worn)
Wands
 i - a wand of iceblast (11)
Scrolls
 h - a scroll of blinking
Potions
 c - a potion of curing
 d - a potion of heal wounds
 e - a potion of haste
 f - 2 potions of magic
 g - a potion of berserk rage


   Skills:
 + Level 5.7 Fighting
 + Level 7.3 Short Blades
 + Level 2.8 Armour
 + Level 4.0 Dodging


You had 3 spell levels left.
You didn't know any spells.
Your spell library was empty.

Dungeon Overview and Level Annotations

Branches:
Dungeon (1/1)

Altars:

Annotations:
D Sigmund


Innate Abilities, Weirdness & Mutations

Your natural rate of healing is accelerated.
You have razor-sharp teeth.
You have supernaturally acute eyesight. (SInv)
You are afflicted with vampirism and can become a bat while bloodless.


Message History

Sigmund is lightly wounded.
You feel less confused. Sigmund closely misses you.
You see here a +0 giant club.
Sigmund looks at you with fury. Sigmund hits you with a +0 scythe.
Okay, then.
You hit Sigmund but do no damage.
Sigmund is lightly wounded.
Sigmund barely misses you.
You hit Sigmund. You bite Sigmund.
Sigmund is moderately wounded.
Sigmund casts a spell at you.
You are confused.
You bump into the stone wall.
Sigmund hits you with a +0 scythe!
* * * LOW HITPOINT WARNING * * *
You hit Sigmund.
Sigmund is moderately wounded.
Sigmund completely misses you.
Okay, then.
You barely miss Sigmund.
Sigmund is moderately wounded.
Sigmund barely misses you. Sigmund closely misses you.
You bump into the rock wall.
Sigmund barely misses you.
You bump into the rock wall.
You feel less confused. Sigmund hits you with a +0 scythe!
* * * LOW HITPOINT WARNING * * *
You hit Sigmund but do no damage.
Sigmund is moderately wounded.
You barely miss Sigmund. You bite Sigmund, but do no damage.
Sigmund is moderately wounded.
Sigmund casts a spell at you. You resist with some effort.
You hit Sigmund. You bite Sigmund.
Sigmund is severely wounded.
Sigmund casts a spell at you. The magic dart hits you.
You die...

#############
#<.#..').#..+
#..').#.@@..#
#..#####'####
#..# #..#
#..# ####
#..# #⌠⌠#
####


You could see Sigmund (invisible).

Vanquished Creatures
  An ogre (D)
  Ijyb (D)
2 creatures vanquished.

Notes
Turn   | Place    | Note
-------+----------+-------------------------------------------
     0 | D        | Ayihk420 the Vampire Berserker began the quest for the Orb.
     0 | D        | Reached XP level 1. HP: 17/17 MP: 1/1
     1 | D        | Noticed Ijyb
    11 | D        | Killed Ijyb
    12 | D        | Reached skill level 5 in Short Blades
    12 | D        | Reached XP level 2. HP: 25/25 MP: 2/2
   237 | D        | Noticed an ogre
   250 | D        | Killed an ogre
   251 | D        | Reached skill level 5 in Fighting
   251 | D        | Reached skill level 7 in Short Blades
   251 | D        | Gained mutation: You are afflicted with vampirism and can
                  | become a bat while bloodless. [Vampire growth]
   251 | D        | Reached XP level 3. HP: 34/34 MP: 3/3
   251 | D        | Reached XP level 4. HP: 40/40 MP: 4/4
   262 | D        | Noticed Sigmund
   283 | D        | HP: 2/40 [Sigmund/+0 scythe (8)]
   286 | D        | Killed from afar by Sigmund

Illustrated notes

Levels and vault maps discovered:
D:        dungeon_sprint_1 [red_sonja_temple_1, red_sonja_temple_small_1]

Skill      XL: |  1  2 |
---------------+-------+-----
Fighting       | 4 5 |  5.7
Short Blades   | 5 7 |  7.3
Armour         | 2 |  2.8
Dodging        | 3 4 |  4.0

Action                   |  1- 3 |  4- 6 || total
-------------------------+-------+-------++-------
Melee: Short sword       |    11 |    12 ||    23
       Bite              |     1 |     4 ||     5
Invok: Berserk           |     2 |       ||     2
 Abil: Exsanguinate      |     1 |       ||     1
       Revivify          |     1 |       ||     1
Armor: Animal skin       |     1 |     1 ||     2
Dodge: Dodged            |     4 |     6 ||    10

Table legend: (Time is in decaauts)
 A = Elapsed time spent in this place.
 B = Non-inter-level travel time spent in this place.
 C = Inter-level travel time spent in this place.
 D = Time resting spent in this place.
 E = Time spent auto-exploring this place.
 F = Levels seen in this place.
 G = Mean time per level.
                   A        B        C        D        E       F      G
               +--------+--------+--------+--------+--------+-----+--------+
         Total |    301 |    301 |      0 |    226 |      0 |   1 |  301.0 |
       Dungeon |    301 |    301 |      0 |    226 |      0 |   1 |  301.0 |
               +--------+--------+--------+--------+--------+-----+--------+

Top non-repeatable levels by time:
       D: 301 daAuts
